 Dungeon Crawl Stone Soup version 0.30.0 (webtiles) character file.

Game seed: 7484627020458210921

1001 apoch the Basher (level 8, 0/58 HPs)
             Began as a Demonspawn Fighter on May 6, 2023.
             Succumbed to a kobold brigand's curare-tipped dart
             ... on level 5 of the Dungeon.
             The game lasted 00:08:27 (4933 turns).

apoch the Basher (Demonspawn Fighter)               Turns: 4933, Time: 00:08:28

Health: 0/58       AC: 17    Str: 19    XL:     8   Next: 0%
Magic:  8/8        EV:  9    Int: 10    God:
Gold:   266        SH:  4    Dex: 12    Spells: 7/7 levels left

rFire   . . .        a - +0 flail
rCold   . . .        c - +0 buckler
rNeg    . . .        b - +0 scale mail
rPois   .            p - +2 helmet
rElec   .            r - +0 cloak
rCorr   .            (no gloves)
SInv    +            (no boots)
Will    .....        (no amulet) Stlth
                     i - +4 ring of protection
HPRegen 0.29/turn    n - ring of see invisible
MPRegen 0.11/turn

%: no passive effects
@: lethally poisoned (0 -> -15), slowed, very slow
A: yellow scales 2, demonic magic 1, weakness stinger 2
a: no special abilities


You were on level 5 of the Dungeon.
You visited 1 branch of the dungeon, and saw 5 of its levels.

You collected 266 gold pieces.

Inventory:

Hand Weapons
 a - a +0 flail (weapon)
 w - a +1 flail of holy wrath
Missiles
 g - 9 poisoned darts
 k - 5 curare-tipped darts
 l - 4 atropa-tipped darts
 z - 4 stones (quivered)
 A - 3 javelins
 D - 3 boomerangs
Armour
 b - a +0 scale mail (worn)
 c - a +0 buckler (worn)
 p - a +2 helmet (worn)
 r - a +0 cloak (worn)
Jewellery
 i - a +4 ring of protection (left hand)
 n - a ring of see invisible (right hand)
 x - a +5 ring of evasion
Wands
 v - a wand of polymorph (16)
 B - a wand of roots (8)
Scrolls
 h - a scroll of enchant armour {unknown}
 j - 2 scrolls of immolation {unknown}
 m - 2 scrolls of identify
 s - 2 scrolls of amnesia
 t - a scroll of teleportation {unknown}
 y - a scroll of poison
 C - a scroll of magic mapping {unknown}
Potions
 d - a potion of might
 e - 4 potions of curing
 f - 2 potions of haste
 o - a potion of degeneration
 q - a potion of heal wounds
 u - a potion of cancellation


   Skills:
 - Level 3.0 Fighting
 + Level 8.7 Maces & Flails
 - Level 2.6 Armour
 - Level 2.6 Shields


You had 7 spell levels left.
You didn't know any spells.
Your spell library contained the following spells:

 Spells                   Type           Power      Damage    Failure   Level
 Magic Dart               Conj           0%         1d3       82%         1
 Blink                    Tloc           0%         N/A       91%         2
 Searing Ray              Conj           0%         2d4       91%         2
 Fulminant Prism          Conj/Hex       0%         3d5       100%        4
 Manifold Assault         Tloc           0%         N/A       100%        4
 Storm Form               Tmut/Air       0%         N/A       100%        7


Dungeon Overview and Level Annotations

Branches:
Dungeon (5/15)
 Temple: D:4-7

Altars:
Dithmenos
Makhleb


Innate Abilities, Weirdness & Mutations

You are mostly covered in yellow scales. (AC +3)
Spells you cast may paralyse adjacent enemies.
You have a tail ending in a sharp stinger.


Message History

The kobold throws a stone.
The stone barely misses you. The kobold attacks as you move away!
You block the kobold's attack.
You feel sick. The kobold attacks as you move away!
The kobold hits you but does no damage.
You feel sick. The kobold hits you but does no damage.
You feel sick.
The kobold shouts!
The kobold attacks as you move away! The kobold hits you but does no damage.
The kobold attacks as you move away! The kobold hits you but does no damage.
You feel sick.
You are no longer poisoned.
The kobold barely misses you.
The kobold throws a stone.
You block the stone. The kobold attacks as you move away!
The kobold hits you but does no damage. You block the kobold's attack.
The kobold attacks as you move away! The kobold hits you but does no damage.
You block the kobold's attack. The kobold attacks as you move away!
You block the kobold's attack. x2
The kobold attacks as you move away! The kobold hits you but does no damage.
The kobold attacks as you move away!
The kobold hits you but does no damage. x2
There is an open door here.
The kobold attacks as you move away! The kobold hits you but does no damage.
You feel yourself speed up.
The kobold brigand throws a curare-tipped dart.
The curare-tipped dart hits you.
You are poisoned.
You have difficulty breathing.
You feel yourself slow down.
You feel very sick.
You feel very sick.
You feel sick.
The kobold brigand throws a curare-tipped dart.
The curare-tipped dart hits you.
You are lethally poisoned!
You have difficulty breathing.
* * * LOW HITPOINT WARNING * * *
You feel as though you will be slow longer.
Things that are here:
a +0 giant spiked club; an ogre skeleton
* * * LOW HITPOINT WARNING * * *
You feel extremely sick.
You die...

#'#####..........#..# #.#
...............K.#..###.#
.................#K.#.#.#
.......###########K.#.#)#########
.......# #K.#.#..........
######## #KK#.###########
#K......).....##
######)##.########.##
#..<@...#.#........##
#.####..#.#.######### #.#
#..#.#.# # #.# #..#.#.# # #.#
#..#.#.# # #.# #..#.#.# # #.#
#..#.#.######### ####
#.#######)#.......... ...#
#.#...............###


There were no monsters in sight!

Vanquished Creatures
  Edmund (D:4)
  An ogre (D:5)
  2 phantoms (D:4)
  A hound (D:3)
  An orc priest (D:4)
  Ijyb (D:3)
  2 gnoll boudas
  A sleepcap (D:4)
  Jessica (D:3)
  An iguana (D:4)
  Natasha (thrice) (D:3)
  2 orc wizards
  Robin (D:3)
  12 gnolls
  7 adders
  An ufetubus (D:5)
  A worm (D:4)
  A dart slug (D:1)
  14 orcs
  6 bats
  7 endoplasms
  2 giant cockroaches
  17 goblins
  4 hobgoblins
  6 quokkas
  8 ball pythons
  A frilled lizard (D:3)
  4 kobolds
  5 rats
114 creatures vanquished.

Vanquished Creatures (others)
  A plant (D:1)
1 creature vanquished.

Grand Total: 115 creatures vanquished

Notes
Turn   | Place    | Note
-------+----------+-------------------------------------------
     0 | D:1      | apoch the Demonspawn Fighter began the quest for the Orb.
     0 | D:1      | Reached XP level 1. HP: 18/18 MP: 1/1
    65 | D:1      | Reached skill level 2 in Maces & Flails
   321 | D:1      | Found a faded altar of an unknown god.
   330 | D:1      | Gained mutation: Spells you cast may paralyse adjacent
                  | enemies. [demonic ancestry]
   330 | D:1      | Reached XP level 2. HP: 22/24 MP: 2/2
   849 | D:2      | Reached skill level 3 in Maces & Flails
  1094 | D:1      | Reached XP level 3. HP: 16/29 MP: 3/3
  1580 | D:2      | Reached skill level 4 in Maces & Flails
  1580 | D:2      | Gained mutation: You have a small tail. [demonic ancestry]
  1580 | D:2      | Reached XP level 4. HP: 28/35 MP: 4/4
  1935 | D:3      | Noticed Robin
  1947 | D:3      | Killed Robin
  1986 | D:3      | Found a shadowy altar of Dithmenos.
  2011 | D:3      | Reached XP level 5. HP: 41/41 MP: 5/5
  2069 | D:3      | Noticed Natasha
  2078 | D:3      | Killed Natasha
  2079 | D:3      | Reached skill level 5 in Maces & Flails
  2217 | D:3      | Noticed Natasha
  2223 | D:3      | Killed Natasha
  2255 | D:3      | Noticed Jessica
  2258 | D:3      | Noticed Natasha
  2260 | D:3      | Killed Jessica
  2262 | D:3      | Killed Natasha
  2373 | D:3      | Noticed Ijyb
  2411 | D:3      | Killed Ijyb
  2412 | D:3      | Gained mutation: You are partially covered in yellow
                  | scales. (AC +2) [demonic ancestry]
  2412 | D:3      | Reached XP level 6. HP: 47/47 MP: 6/6
  2477 | D:3      | Found a burning altar of Makhleb.
  2575 | D:3      | Reached skill level 6 in Maces & Flails
  3160 | D:4      | Reached skill level 7 in Maces & Flails
  3171 | D:4      | Gained mutation: You have a tail ending in a sharp stinger.
                  | [demonic ancestry]
  3171 | D:4      | Reached XP level 7. HP: 42/52 MP: 7/7
  3718 | D:4      | Noticed Edmund
  3725 | D:4      | Killed Edmund
  3910 | D:5      | Entered Level 5 of the Dungeon
  4004 | D:4      | Reached skill level 8 in Maces & Flails
  4680 | D:5      | Gained mutation: You are mostly covered in yellow scales.
                  | (AC +3) [demonic ancestry]
  4680 | D:5      | Reached XP level 8. HP: 34/58 MP: 8/8
  4933 | D:5      | Succumbed to a kobold brigand's curare-tipped dart

Illustrated notes

Levels and vault maps discovered:
D:1:      co_arrival_random_square_maze, layout_loops_ring,
          ebering_ecumenical_altar_sacrificial, serial_forest,
          infiniplex_forest_clump_diagonal, infiniplex_forest_straight_2,
          infiniplex_forest_lined_corner, infiniplex_forest_lined_corner,
          infiniplex_forest_straight_2, minmay_liquid_box
D:2:      layout_basic
D:3:      minmay_door_path, layout_basic, bloody_makhleb, lemuel_tele_altar,
          mainiacjoe_overflow_paths, uniq_robin, uniq_jessica, uniq_natasha,
          uniq_ijyb
D:4:      layout_basic, kennysheep_boxes, uniq_edmund
D:5:      layout_basic, hellmonk_okawaru_the_only_friend_you_need

Skill      XL: |  1  2  3  4  5  6  7 |
---------------+----------------------+-----
Maces & Flails | 2 3 4 5 7 8 |  8.7
Fighting       | |  3.0
Armour         | |  2.6
Shields        | |  2.6

Action                     |  1- 3 |  4- 6 |  7- 9 || total
---------------------------+-------+-------+-------++-------
  Melee: Flail             |   105 |   171 |   113 ||   389
         Tailslap          |       |    24 |    16 ||    40
  Throw: Stone             |    15 |    17 |    24 ||    56
         Javelin           |       |    32 |     7 ||    39
    Use: Scroll            |     4 |       |     3 ||     7
         Potion            |       |       |     1 ||     1
 Armour: Scale mail        |    50 |    80 |    60 ||   190
         Skin              |       |    22 |       ||    22
  Dodge: Dodged            |    46 |    71 |    36 ||   153
  Block: Buckler           |    29 |    42 |    19 ||    90
